 Dungeon Crawl Stone Soup version 0.28.0-1-gb440e238dd (webtiles) character file.

Game seed: 17840387520589698187

140 zeram the Vandal (level 5, -3/25 HPs)
             Began as a Spriggan Hunter on Feb 23, 2022.
             Slain by a gnoll shaman (8 damage)
             ... on level 3 of the Dungeon.
             The game lasted 00:05:07 (3006 turns).

zeram the Vandal (Spriggan Hunter)                  Turns: 3006, Time: 00:05:07

Health: -3/25      AC:  2    Str:  8    XL:     5   Next: 2%
Magic:  6/6        EV: 18    Int: 15    God:
Gold:   52         SH:  0    Dex: 21    Spells: 4/4 levels left

rFire   . . .      SeeInvis +   a - +1 hunting sling
rCold   . . .      Faith    .   (no shield)
rNeg    . . .      Spirit   .   c - +0 robe
rPois   .          Reflect  .   (helmet restricted)
rElec   .          Harm     .   (no cloak)
rCorr   .          Rampage  .   (gloves unavailable)
Will    .....                   (boots unavailable)
Stlth   ++........              (no amulet)
HPRegen 0.08/turn               f - +6 ring of dexterity
MPRegen 0.10/turn               (no ring)

@: very quick
A: very small, no large weapons, unfitting armour, see invisible, speed 3
a: no special abilities


You were on level 3 of the Dungeon.
You visited 1 branch of the dungeon, and saw 3 of its levels.

You collected 52 gold pieces.

Inventory:

Hand Weapons
 a - a +1 hunting sling (weapon)
 b - a +0 short sword
Missiles
 e - 59 stones (quivered ammo)
Armour
 c - a +0 robe (worn)
 k - an orb of energy
Jewellery
 f - a +6 ring of dexterity (left hand)
Scrolls
 g - a scroll of acquirement {unknown}
 h - 2 scrolls of identify {unknown}
 i - a scroll of teleportation {unknown}
 j - a scroll of magic mapping {unknown}


   Skills:
 - Level 1.5 Fighting
 + Level 7.5 Slings
 + Level 3.1 Dodging
 - Level 1.5 Stealth


You had 4 spell levels left.
You didn't know any spells.
Your spell library was empty.

Dungeon Overview and Level Annotations

Branches:
Dungeon (3/15)

Altars:

Shops:
D:2 ?(


Innate Abilities, Weirdness & Mutations

You are very small and have problems with some larger weapons.
You are too small for most types of armour.
You have supernaturally acute eyesight. (SInv)
You cover ground extremely quickly. (Speed+++)


Message History

The stone hits the gnoll but does no damage.
The gnoll is heavily wounded.
Fire: 64 stones
Press: ? - help, Q - select action Shift-Dir - straight line, f/p - gnoll
Aim: a gnoll, wielding a +0 club (moderately wounded, 69% to hit)
You shoot a stone. The stone hits the gnoll.
The gnoll is severely wounded.
Fire: 63 stones
Press: ? - help, Q - select action Shift-Dir - straight line, f/p - gnoll
Aim: a gnoll, wielding a +0 club (severely wounded, 69% to hit)
You shoot a stone. The stone barely misses the gnoll.
The stone hits the gnoll shaman.
The gnoll shaman is severely wounded.
The gnoll closely misses you.
You aren't carrying any items that you can evoke.
Fire: 62 stones
Press: ? - help, Q - select action Shift-Dir - straight line, f/p - gnoll
Aim: a gnoll, wielding a +0 club (severely wounded, 69% to hit)
You shoot a stone. The stone hits the gnoll.
The gnoll is almost dead.
The gnoll shaman calls upon its god to speed up the gnoll.
The gnoll seems to speed up.
Found a stone staircase leading down.
The gnoll shaman calls upon its god to heal the gnoll.
The gnoll is healed somewhat.
Fire: 61 stones
Press: ? - help, Q - select action Shift-Dir - straight line, f/p - gnoll
Aim: a gnoll, wielding a +0 club (heavily wounded, fast, 69% to hit)
You shoot a stone. The stone hits the gnoll.
The gnoll is severely wounded.
The gnoll hits you with a +0 club!
* * * LOW HITPOINT WARNING * * *
Fire: 60 stones
Press: ? - help, Q - select action Shift-Dir - straight line, f/p - gnoll
Aim: a gnoll, wielding a +0 club (severely wounded, fast, 69% to hit)
You shoot a stone. The stone closely misses the gnoll.
Unknown command.
Found a dagger.
The gnoll shaman hits you with a +0 whip!
You die...

.# #.#.#.#.#.#.#.#.# #
#.#.#.#.#.#.#.#####
#)#.#g#.#.#.#....#
#.#.#.#.#.#.#.#.#
#.#.#.#.#g#.##.#
#.#g#.#.#.#.#.#.#
#.#.#.#.#.#.#..#.#######
#.#.#.#.#.#.#.#..........
#.#.#.#.#@#.#.#...........
#.#.#.#.#g#.#.#.#..........
#.#.#.#.#.#.#.#.#..######†..
.#.#.#.#.#.#.#.#.#.# #...
#######. ##(###..# #..g #
#.###..######...
#..##.g.#.......
####.####.##...(..
#......#8.8#((....


You could see a gnoll shaman and 2 gnolls.

Vanquished Creatures
  Jessica (D:2)
  An orc wizard (D:2)
  An adder (D:2)
  2 worms (D:2)
  4 dart slugs
  4 orcs
  A bat (D:1)
  An endoplasm (D:2)
  2 giant cockroaches (D:2)
  7 hobgoblins
  13 jackals
  A quokka (D:3)
  4 ball pythons
  2 frilled lizards
  6 goblins
  4 kobolds
  5 rats
  A bush (D:2)
60 creatures vanquished.

Vanquished Creatures (others)
  13 plants
13 creatures vanquished.

Grand Total: 73 creatures vanquished

Notes
Turn   | Place    | Note
-------+----------+-------------------------------------------
     0 | D:1      | zeram the Spriggan Hunter began the quest for the Orb.
     0 | D:1      | Reached XP level 1. HP: 10/10 MP: 2/2
    78 | D:1      | Reached skill level 5 in Slings
   252 | D:1      | Reached XP level 2. HP: 14/14 MP: 3/3
   469 | D:1      | Found a faded altar of an unknown god.
   837 | D:2      | Reached skill level 6 in Slings
   837 | D:2      | Reached XP level 3. HP: 18/18 MP: 4/4
   941 | D:2      | Found Huishro's Magic Scroll Boutique.
   941 | D:2      | Found Qigreab's Antique Weapon Boutique.
  1321 | D:2      | Noticed Jessica
  1324 | D:2      | Killed Jessica
  1325 | D:2      | Reached XP level 4. HP: 22/22 MP: 5/5
  1562 | D:2      | Reached skill level 7 in Slings
  2204 | D:3      | HP: 1/22 [orc wizard/puff of flame (6)]
  2925 | D:3      | Reached XP level 5. HP: 25/25 MP: 6/6
  3006 | D:3      | Slain by a gnoll shaman

Illustrated notes

Levels and vault maps discovered:
D:1:      evilmike_arrival_grusome_pit, layout_basic,
          shapermc_ecumenical_altar_mp_urbaneastern, minmay_statues_item
D:2:      layout_basic, serial_shops, nicolae_shop_competitors_out_of_business,
          shop, serial_forest, infiniplex_forest_clump_small,
          infiniplex_forest_clump_curved, infiniplex_forest_end_double,
          infiniplex_forest_end_2, infiniplex_forest_lined_room_,
          infiniplex_forest_zigzag_1, infiniplex_forest_lined_ring,
          infiniplex_forest_lined_ring, infiniplex_forest_straight_3,
          serial_park_tiny_pond, st_stairs_14, uniq_jessica
D:3:      layout_basic, small_statue_intersection, nicolae_grassy_gnolls

Skill      XL: |  1  2  3  4 |
---------------+-------------+-----
Slings         | 5 6 7 |  7.5
Dodging        | 3 |  3.1
Fighting       | |  1.5
Stealth        | |  1.5

Action                   |  1- 3 |  4- 6 || total
-------------------------+-------+-------++-------
Melee: Short sword       |       |   458 ||   458
       Punch             |       |    16 ||    16
 Fire: Hunting sling     |   111 |    69 ||   180
  Use: Potion            |       |     1 ||     1
Armor: Robe              |     3 |     3 ||     6
Dodge: Dodged            |    13 |    28 ||    41
